 Dungeon Crawl Stone Soup version 0.31-a0-986-g5e6e4ef867 (webtiles) character file.

Game seed: 3024025160771538517

1782 LeprechaunX the Changeling (level 9, -14/88 HPs)
             Began as an Octopode Shapeshifter on Nov 20, 2023.
             Was an Initiate of Ru.
             Demolished by a komodo dragon (18 damage)
             ... on level 7 of the Dungeon.
             The game lasted 00:09:59 (6015 turns).

LeprechaunX the Changeling (Octopode Shapeshifter)  Turns: 6015, Time: 00:09:59

Health: -14/88     AC: 24    Str: 13    XL:     9   Next: 8%
Magic:  13/13      EV:  2    Int: 13    God:    Ru [......]
Gold:   269        SH:  0    Dex: 15    Spells: 11/14 levels left

rFire   . .          .
                       - Unarmed
rCold   . . .        (no shield)
rNeg    . . .        (helmet currently unavailable)
rPois   +            (no amulet)
rElec   .            e - +5 ring of evasion
rCorr   .            (no ring)
SInv    .            (no ring)
Will    .....        (no ring)
Stlth   +            (no ring)
HPRegen 0.34/turn    (no ring)
MPRegen 0.13/turn    (no ring)
                     (no ring)

%: no passive effects
@: tree-form
A: stationary, stasis, torment immunity, boosted hp, almost no armour,
(amphibious), 8 rings, (camouflage 1), (gelatinous body 1), (nimble swimmer 1),
(tentacles)
a: Renounce Religion


You were on level 7 of the Dungeon.
You worshipped Ru.
Ru was noncommittal.
You were a tree.
You visited 2 branches of the dungeon, and saw 8 of its levels.

You collected 269 gold pieces.

Inventory:

Hand Weapons
 p - the +7 great sword of Brutal Revenge {heavy, +Blink Will+}
   (You found it on level 4 of the Dungeon)

   Will+:     It increases your willpower.
   +Blink:    It lets you blink.
Missiles
 l - 8 boomerangs (quivered)
Jewellery
 e - a +5 ring of evasion (left branch)
 t - a +5 ring of evasion
Talismans
 b - a beast talisman
 c - a flux talisman
Scrolls
 d - 3 scrolls of vulnerability {unknown}
 f - 10 scrolls of identify {unknown}
 h - 3 scrolls of teleportation {unknown}
 j - a scroll of fear {unknown}
 k - a scroll of fog {unknown}
 n - a scroll of noise {unknown}
 r - a scroll of revelation {unknown}
 s - a scroll of amnesia {unknown}
 w - a scroll of blinking {unknown}
Potions
 g - 5 potions of curing {unknown}
 i - 3 potions of heal wounds {unknown}
 m - a potion of cancellation {unknown}
 o - 3 potions of attraction {unknown}
 q - 2 potions of resistance {unknown}
 u - 2 potions of enlightenment {unknown}
 v - a potion of magic {unknown}


   Skills:
 + Level 4.5 Fighting
 - Level 3.0 Throwing
 - Level 4.0 Dodging
 + Level 5.3 Unarmed Combat
 + Level 3.1 Spellcasting
 + Level 3.4 Ice Magic
 + Level 2.5 Evocations
 * Level 5.8 Shapeshifting


You had 11 spell levels left.
You knew the following spells:

 Your Spells              Type           Power      Damage    Failure   Level
a - Ozocubu's Armour      Ice            10%        N/A       17%         3

Your spell library contained the following spells:

 Spells                   Type           Power      Damage    Failure   Level
 Magic Dart               Conj           8%         1d3       22%         1
 Cigotuvi's Dreadful Rot  Necr/Pois/Air  4%         N/A       34%         2
 Lesser Beckoning         Tloc           4%         N/A       34%         2
 Searing Ray              Conj           4%         2d4       34%         2
 Sublimation of Blood     Necr           2%         N/A       34%         2
 Dazzling Flash           Conj/Hex       4%         N/A       56%         3
 Gell's Gravitas          Tloc           2%         N/A       56%         3
 Ignite Poison            Fire/Tmut/Pois 2%         N/A       56%         3
 Teleport Other           Tloc           2%         N/A       56%         3
 Fulminant Prism          Conj/Hex       1%         3d5       92%         4
 Petrify                  Tmut/Erth      2%         N/A       92%         4
 Sticky Flame             Conj/Fire      2%         2d3       92%         4
 Metabolic Englaciation   Hex/Ice        3%         N/A       97%         5
 Freezing Cloud           Conj/Ice/Air   2%         6-21      98%         5
 Agony                    Necr           2%         N/A       99%         5
 Irradiate                Conj/Tmut      1%         3d12      99%         5
 Silence                  Hex/Air        1%         N/A       99%         5
 Simulacrum               Ice/Necr       3%         N/A       100%        6
 Ignition                 Fire           1%         3d3       100%        8


Dungeon Overview and Level Annotations

Branches:
Dungeon (7/15)             Temple (1/1) D:4

Altars:
Dithmenos
Elyvilon
Gozag
Kikubaaqudgha
Makhleb
Nemelex Xobeh
Okawaru
Qazlal
Ru
Sif Muna
Trog
Uskayaw
Vehumet
Xom
Yredelemnul
Zin
The Shining One
Lugonu

Shops:
D:2 (   D:5 (   D:6 =*

Annotations:
D:5 3 runed translucent doors, sammy202020's ghost, amateur MfSh
D:7 2 transporters


Innate Abilities, Weirdness & Mutations

You are a tree.
Your roots penetrate the ground, keeping you stationary.
You cannot be teleported.
You are immune to unholy pain and torment.
Your maximum health is greatly increased.
You cannot wear most types of armour.
((You are amphibious.))
You can wear up to eight rings at the same time.
((Your skin changes colour to match your surroundings (Stealth+).))
((Your rubbery body absorbs attacks. (AC +1, EV +1)))
((You are camouflaged when in or above water. (Stealth+)))
((You have tentacles for arms and can constrict up to eight enemies at once.))


Message History

The sky beast hits you. The sky beast shocks you.
You bludgeon the sky beast!
Your tentacle-slap misses the sky beast.
The sky beast is severely wounded.
The sky beast hits you. The sky beast shocks you.
You miss the sky beast.
The sky beast is severely wounded.
The sky beast closely misses you.
You tentacle-slap the sky beast. You squeeze the sky beast.
The sky beast is almost dead.
The sky beast closely misses you.
You tentacle-slap the sky beast.
The sky beast is almost dead.
The sky beast closely misses you.
You bludgeon the sky beast!
You kill the sky beast!
No target in view!
A komodo dragon is nearby!
A komodo dragon is nearby!
A komodo dragon is nearby!
Your transformation has ended.
You turn into a tree.
Your roots penetrate the ground.
The komodo dragon bites you!!
You hit the komodo dragon but do no damage.
The komodo dragon bites you!
You smack the komodo dragon!
The komodo dragon is lightly wounded.
The komodo dragon bites you!
You barely miss the komodo dragon.
The komodo dragon is lightly wounded.
The komodo dragon bites you!!
* * * LOW HITPOINT WARNING * * *
You closely miss the komodo dragon.
The komodo dragon is lightly wounded.
The komodo dragon bites you!
* * * LOW HITPOINT WARNING * * *
You hit the komodo dragon.
The komodo dragon is lightly wounded.
The komodo dragon bites you!!
You die...

#...# ####.#### #...#
###.#####
#...#######.......# .
..........#....#..##S
.....................
...............#.)##. ..
#....#####..##.#..##....
#....# #.....l........
#....# #.###.#♣#.##
#l...# #.......#.#
.....# #####........#
#...## #####.##.# ##o##
.# o# . .. #. .# ## .#


You could see a komodo dragon.

Vanquished Creatures
  2 water moccasins
  3 ice beasts
  A sky beast (D:7)
  A black bear (D:6)
  An ogre (D:5)
  A centaur (D:6)
  A phantom (D:6)
  A gnoll sergeant (D:5)
  A bullfrog (D:6)
  2 scorpions (D:5)
  3 wights (D:6)
  2 hounds
  An orc priest (D:4)
  4 orc wizards
  11 adders
  4 gnolls (D:5)
  11 dart slugs
  11 orcs
  13 ball pythons
  10 endoplasms
  4 giant cockroaches
  10 goblins
  7 hobgoblins
  4 jackals (D:5)
  2 quokkas
  4 bats (D:1)
  3 frilled lizards
  15 kobolds
  2 rats
135 creatures vanquished.

Notes
Turn   | Place    | Note
-------+----------+-------------------------------------------
     0 | D:1      | LeprechaunX the Octopode Shapeshifter began the quest for
                  | the Orb.
     0 | D:1      | Reached XP level 1. HP: 13/13 MP: 1/1
    78 | D:1      | Reached XP level 2. HP: 15/18 MP: 2/2
   498 | D:1      | Reached XP level 3. HP: 18/23 MP: 3/3
  1063 | D:2      | Reached XP level 4. HP: 12/29 MP: 4/4
  1360 | D:2      | Found Kanisuag's Antique Weapon Boutique.
  1871 | D:3      | Found a faded altar of an unknown god.
  2023 | D:3      | Reached XP level 5. HP: 23/35 MP: 5/5
  2603 | D:3      | Learned a level 3 spell: Ozocubu's Armour
  2641 | D:4      | Found a shadowy altar of Dithmenos.
  2679 | D:4      | Reached XP level 6. HP: 30/41 MP: 6/6
  2683 | D:4      | Reached skill level 1 in Throwing
  2855 | D:4      | Found a staircase to the Ecumenical Temple.
  2897 | Temple   | Entered the Ecumenical Temple
  2910 | Temple   | Became a worshipper of Ru the Awakened
  2952 | D:4      | Reached skill level 1 in Ice Magic
  3027 | D:4      | Identified the +7 great sword of Brutal Revenge {heavy,
                  | +Blink Will+}
  3408 | D:5      | Entered Level 5 of the Dungeon
  3412 | D:5      | Reached skill level 1 in Spellcasting
  3695 | D:5      | Noticed an ice beast
  3704 | D:5      | Killed an ice beast
  3705 | D:5      | Reached XP level 7. HP: 24/46 MP: 7/9
  3816 | D:5      | Found Duesin's Antique Weapon Shop.
  3890 | D:5      | Found a runed translucent gate.
  3894 | D:5      | Found a runed translucent gate.
  3896 | D:5      | Found a runed translucent gate.
  3898 | D:5      | Noticed sammy202020's ghost (amateur MfSh)
  4391 | D:5      | Reached XP level 8. HP: 53/53 MP: 11/11
  5174 | D:6      | Reached skill level 1 in Evocations
  5174 | D:6      | Reached skill level 5 in Shapeshifting
  5291 | D:6      | Reached skill level 5 in Unarmed Combat
  5337 | D:6      | Found Jithrennu's Jewellery Shoppe.
  5378 | D:6      | Found Gozag's Platinum Reserve.
  5379 | D:6      | Found an opulent altar of Gozag.
  5384 | D:6      | Found a white marble altar of Elyvilon.
  5471 | D:6      | Found a bloodstained altar of Trog.
  5527 | D:6      | Found a glowing silver altar of Zin.
  5666 | D:6      | Found a shimmering altar of Xom.
  5791 | D:7      | Reached XP level 9. HP: 56/59 MP: 13/13
  5809 | D:7      | Found a transporter.
  5810 | D:7      | Noticed a cyan ugly thing
  5811 | D:7      | Noticed a brown ugly thing
  5812 | D:7      | Found a transporter.
  5812 | D:7      | Found a corrupted altar of Lugonu.
  5812 | D:7      | Noticed a purple ugly thing
  5812 | D:7      | Noticed a purple ugly thing
  5912 | D:7      | Noticed a komodo dragon
  6014 | D:7      | HP: 4/88 [komodo dragon (8)]
  6015 | D:7      | Demolished by a komodo dragon

Illustrated notes

Levels and vault maps discovered:
D:1:      dpeg_arrival_leaves_temple_mockup, layout_basic
D:2:      layout_loops_ring, serial_shops, shop
D:3:      kennysheep_slugbush, layout_loops_ring, ebering_ecumenical_altar_box,
          minmay_snake_closets
D:4:      layout_loops_ring, mainiacjoe_overflow_chevrons,
          minmay_temple_entry_crystal_x, grunt_decor_fettered
D:5:      layout_layer_cave, gammafunk_ghost_necromancy, st_stairs_3,
          minmay_misc_feat_rugged, grunt_ministairs_4,
          chequers_serial_rivers_small_3, nicolae_stop_n_shop_1
D:6:      layout_cave_pools, nicolae_gozag_zags_fifth_avenue,
          mainiacjoe_overflow_catch_the_wave,
          mainiacjoe_overflow_six_doors_small, mainiacjoe_overflow_tiny_flanked,
          serial_shops, shop
D:7:      gammafunk_corrupted_shrine, layout_loops_cross, lemuel_tele_altar
Temple:   nicolae_temple_ecumenical_triangle

Skill      XL: |  1  2  3  4  5  6  7  8 |
---------------+-------------------------+-----
Dodging        | 3 4 |  4.0
Fighting       | 2 3 4 |  4.5
Throwing       | 1 2 3 |  3.0
Unarmed Combat | 4 5 |  5.3
Ice Magic      | 1 2 3 |  3.4
Spellcasting   | 1 2 3 |  3.1
Shapeshifting  | 4 5 |  5.8
Evocations     | 2 |  2.5

Action                     |  1- 3 |  4- 6 |  7- 9 || total
---------------------------+-------+-------+-------++-------
  Melee: Unarmed           |    58 |   146 |   100 ||   304
         Constrict         |    16 |    42 |    20 ||    78
         Tentacles         |    13 |    32 |    25 ||    70
         Punch             |     2 |     6 |     4 ||    12
         Great sword       |       |     6 |       ||     6
  Throw: Boomerang         |       |     5 |    46 ||    51
 Invoke: Reject Sacrifices |       |       |     1 ||     1
    Use: Potion            |       |       |     1 ||     1
   Stab: Sleeping          |     5 |    17 |     3 ||    25
 Armour: Skin              |    18 |    29 |    38 ||    85
  Dodge: Dodged            |    34 |    97 |    97 ||   228

Table legend: (Time is in decaauts)
 A = Elapsed time spent in this place.
 B = Non-inter-level travel time spent in this place.
 C = Inter-level travel time spent in this place.
 D = Time resting spent in this place.
 E = Time spent auto-exploring this place.
 F = Levels seen in this place.
 G = Mean time per level.
                   A        B        C        D        E       F      G
               +--------+--------+--------+--------+--------+-----+--------+
         Total |   6009 |   5822 |    187 |    103 |   4756 |   8 |  751.1 |
       Dungeon |   5983 |   5796 |    187 |    103 |   4756 |   7 |  854.7 |
        Temple |     26 |     26 |      0 |      0 |      0 |   1 |   26.0 |
               +--------+--------+--------+--------+--------+-----+--------+

Top non-repeatable levels by time:
     D:5: 1731 daAuts
     D:1: 980 daAuts
     D:3: 861 daAuts
     D:4: 770 daAuts
     D:2: 764 daAuts
     D:6: 676 daAuts
     D:7: 198 daAuts
  Temple: 26 daAuts
